 Dungeon Crawl Stone Soup version 0.20.1-1-g8b1a95d (webtiles) character file.

50 slep the Skirmisher (level 4, -1/37 HPs)
             Began as a Formicid Abyssal Knight on Oct 31, 2017.
             Was a Follower of Lugonu.
             Slain by a worm (6 damage)
             ... on level 2 of the Dungeon.
             The game lasted 00:07:33 (1528 turns).

slep the Skirmisher (Formicid Abyssal Knight)       Turns: 1528, Time: 00:07:33

Health: -1/37      AC:  4    Str: 17    XL:     4   Next: 4%
Magic:  5/5        EV: 11    Int: 11    God:    Lugonu [*.....]
Gold:   123        SH:  0    Dex: 11    Spells: 3/3 levels left

rFire    . . .     SeeInvis +   a - +1 falchion
rCold    . . .     Gourm    .   (no shield)
rNeg     . . .     Faith    .   b - +0 leather armour
rPois    .         Spirit   .   (helmet unavailable)
rElec    .         Reflect  .   d - +0 cloak
rCorr    .         Harm     .   (no gloves)
MR       .....                  (no boots)
Stlth    +.........             (no amulet)
Regen    0.2/turn               i - -3 ring of slaying (curse)
MPRegen  0.1/turn               (no ring)

@: no status effects
A: permanent stasis, dig shafts and tunnels, four strong arms, antennae 3
a: Dig, Shaft Self, Depart the Abyss, Renounce Religion


You were on level 2 of the Dungeon.
You worshipped Lugonu.
Lugonu was aware of your devotion.
You were not hungry.

You visited 1 branch of the dungeon, and saw 2 of its levels.
You visited the Abyss 1 time.

You collected 123 gold pieces.

Inventory:

Hand Weapons
 a - a +1 falchion (weapon)
Armour
 b - a +0 leather armour (worn)
 d - a +0 cloak (worn)
Jewellery
 i - a cursed -3 ring of slaying (left hand)
Scrolls
 e - a scroll of teleportation {unknown}
 f - 4 scrolls of identify {unknown}
 h - 2 scrolls of remove curse {unknown}
 k - a scroll of amnesia {unknown}
 n - 2 scrolls of random uselessness {unknown}
Potions
 l - a potion of might {unknown}
 m - a potion of mutation {unknown}
 o - a potion of brilliance {unknown}
 p - a potion of curing {unknown}
Comestibles
 c - a bread ration
 g - 4 chunks of flesh
 j - a meat ration


   Skills:
 + Level 4.2 Fighting
 + Level 2.4 Long Blades
 + Level 2.5 Armour
 + Level 1.6 Dodging
 + Level 2.1 Invocations


You had 3 spell levels left.
You didn't know any spells.

Dungeon Overview and Level Annotations

Branches:
Dungeon (2/15)

Altars:
Trog


Innate Abilities, Weirdness & Mutations

You cannot be hasted, slowed, berserked, paralysed or teleported.
You can dig through walls and to a lower floor.
Your four strong arms can wield two-handed weapons with a shield.
You have a pair of large antennae on your head. (SInv)


Message History

You hit the worm.
The worm is lightly wounded.
The worm misses you.
You hit the worm.
The worm is moderately wounded.
The worm bites you.
You hit the worm but do no damage.
The worm is lightly wounded.
The worm bites you but does no damage.
You hit the worm.
The worm is moderately wounded.
The worm bites you!
* * * LOW HITPOINT WARNING * * *
You hit the worm.
The worm is moderately wounded.
The worm closely misses you.
You completely miss the worm.
The worm is moderately wounded.
The worm bites you.
You die...

{ ###### ###....##
##.......## ### ###
#)...@....# ..# ..#
#)..w#....# #.# #.#
#.)..###...###.# #.#
#)._.#y#.......# #.#
#....###...##..#
#######.####....#....###.#
...[....<.##.........#.#.#
###.###.#####.......##.#.#
# #.# #.# #.###....##....#


You could see a moth of wrath and a worm (berserk).

Vanquished Creatures
  2 worms (D:2)
  A dart slug (D:1)
  3 ball pythons
  A giant cockroach (D:1)
  3 goblins (D:1)
  7 hobgoblins
  6 jackals
  2 kobolds
  3 bats
  3 frilled lizards (D:1)
  10 rats
41 creatures vanquished.

Notes
Turn   | Place    | Note
-------+----------+-------------------------------------------
     0 | Abyss:1  | slep the Formicid Abyssal Knight began the quest for the Orb.
     0 | Abyss:1  | Reached XP level 1. HP: 18/18 MP: 2/2
    38 | Abyss:1  | Found a deep blue altar of Sif Muna.
    39 | Abyss:1  | Noticed a sixfirhy
    44 | D:1      | Escaped the Abyss
   454 | D:1      | Reached skill level 1 in Dodging
   472 | D:1      | Reached XP level 2. HP: 23/24 MP: 3/3
   800 | D:1      | Reached skill level 4 in Fighting
   800 | D:1      | Reached XP level 3. HP: 8/30 MP: 4/4
   829 | D:1      | Reached * piety under Lugonu
  1474 | D:2      | Noticed a moth of wrath
  1477 | D:2      | Found a bloodstained altar of Trog.
  1509 | D:2      | Reached XP level 4. HP: 22/37 MP: 5/5
  1528 | D:2      | Slain by a worm

Skill      XL: |  1  2 |
---------------+-------+-----
Dodging        | 1 |  1.6
Fighting       | 4 |  4.2
Long Blades    | |  2.4
Armour         | |  2.5
Invocations    | |  2.1

Action                   |  1- 3 |  4- 6 || total
-------------------------+-------+-------++-------
Melee: Falchion          |   140 |     9 ||   149
Invok: Depart the Abyss  |     1 |       ||     1
  Eat: Chunk             |     2 |       ||     2
Armor: Leather armour    |    32 |     2 ||    34
Dodge: Dodged            |   105 |     4 ||   109
       Rpst.: Falchion   |    35 |       ||    35
